 Dungeon Crawl Stone Soup version 0.29.1-13-g9f3cf754e1 (webtiles) character file.

Game seed: 5731307765499032749

513 Heoruswealwe the Covered (level 7, -12/60 HPs)
             Began as a Minotaur Fighter on Jan 31, 2023.
             Was a Believer of the Shining One.
             Engulfed by a cloud of flame (20 damage)
             ... on level 4 of the Dungeon.
             The game lasted 01:11:54 (3476 turns).

Heoruswealwe the Covered (Minotaur Fighter)         Turns: 3476, Time: 01:11:55

Health: -12/60     AC: 12    Str: 21    XL:     7   Next: 0%
Magic:  2/2        EV:  8    Int:  5    God:    the Shining One [**....]
Gold:   240        SH:  5    Dex: 17    Spells: 6/6 levels left

rFire   . . .      SeeInvis +   s - +0 scimitar (antimagic)
rCold   . . .      Faith    .   c - +0 buckler
rNeg    + . .      Spirit   .   Y - +0 chain mail
rPois   .          Reflect  .   (helmet restricted)
rElec   .          Harm     .   (no cloak)
rCorr   .          Rampage  .   u - +1 pair of gloves
Will    .....      Clarity  +   (no boots)
Stlth   ..........              (no amulet)
HPRegen 0.20/turn               W - ring of see invisible
MPRegen 0.08/turn               n - +6 ring of dexterity

@: glowing
A: horns 2, retaliatory headbutt, clarity, mutation resistance 1
a: Renounce Religion, Divine Shield


You were on level 4 of the Dungeon.
You worshipped the Shining One.
The Shining One was pleased with you.
You visited 1 branch of the dungeon, and saw 4 of its levels.

You collected 240 gold pieces.

Inventory:

Hand Weapons
 a - a +0 trident
 e - a +0 spear
 f - a +0 sling
 i - a +0 trident
 s - a +0 antimagic scimitar (weapon)
 G - a +1 vampiric scythe
 Q - a +0 dagger of electrocution
Missiles
 h - 27 stones (quivered)
 L - 2 throwing nets
 X - 4 poisoned darts
Armour
 c - a +0 buckler (worn)
 g - a +0 robe
 j - a +0 leather armour
 q - a +0 helmet
 u - a +1 pair of gloves (worn)
 A - a +0 robe
 H - a +2 robe of cold resistance
 R - a +0 animal skin
 S - a +0 helmet
 Y - a +0 chain mail (worn)
Jewellery
 l - a ring of positive energy
 n - a +6 ring of dexterity (right hand)
 W - a ring of see invisible (left hand)
Wands
 b - a wand of roots (3)
Scrolls
 t - 2 scrolls of teleportation
 E - 2 scrolls of fear
Potions
 d - 3 potions of might
 k - a potion of magic
 m - a potion of haste
 K - a potion of curing


   Skills:
 + Level 4.7 Fighting
 + Level 4.7 Long Blades
 + Level 4.3 Polearms
 + Level 5.2 Armour
 + Level 1.8 Dodging
 + Level 0.4 Stealth
 + Level 4.5 Shields


You had 6 spell levels left.
You didn't know any spells.
Your spell library contained the following spells:

 Spells                   Type           Power      Damage    Failure   Level
 Magic Dart               Conj           0%         1d3       99%         1
 Scorch                   Fire           0%         2d5       100%        2
 Searing Ray              Conj           0%         2d4       100%        2
 Flame Wave               Conj/Fire      0%         2d4       100%        4
 Fulminant Prism          Conj/Hex       0%         3d6       100%        4
 Summon Cactus Giant      Summ           0%         N/A       100%        6


Dungeon Overview and Level Annotations

Branches:
Dungeon (4/15)
 Temple: D:4-7

Altars:
Fedhas
Trog
Uskayaw
Xom
The Shining One

Shops:
D:4 ?


Innate Abilities, Weirdness & Mutations

You have a pair of horns on your head.
You reflexively headbutt those who attack you in melee.
You possess an exceptional clarity of mind.
You are somewhat resistant to further mutation.


Message History

Found 13 gold pieces.
Found 9 gold pieces.
An orc comes into view. It is wielding a +0 trident.
The orc shouts!
Found 15 gold pieces.
The orc hits you but does no damage.
You see here 13 gold pieces.
You barely miss the orc. The orc barely misses you. You furiously retaliate!
You headbutt the orc. The orc hits you with a +0 trident.
You hit the orc.
The orc is severely wounded.
The orc hits you but does no damage.
You completely miss the orc. You headbutt the orc, but do no damage.
The orc is severely wounded.
The orc hits you with a +0 trident.
You hit the orc but do no damage. You headbutt the orc.
You kill the orc!
You have reached level 7!
Things that are here:
a +0 trident; a +0 leather armour; an orc corpse
i - a +0 trident;
j - a +0 leather armour You now have 200 gold pieces (gained 13).
There are no items here.
You now have 209 gold pieces (gained 9).
Found a potion of magic.
You now have 224 gold pieces (gained 15).
k - a potion of magic
Found 16 gold pieces.
h - 27 stones (gained 4)
You now have 240 gold pieces (gained 16).
Found a potion of haste.
m - a potion of haste Really walk into a travel-excluded area?
Uppercase [Y]es or [N]o only, please.
Really walk into a travel-excluded area?
You are engulfed in blazing flames.
You are engulfed in blazing flames.
You are engulfed in blazing flames.
* * * LOW HITPOINT WARNING * * *
You are engulfed in blazing flames.
You die...

....##.......##..............#
.....<...............##.....#
.................###.##....#
.#.........................#
.#.........#.##............#
.#........##.#...........###
.........#####...#####.###
.#.......# #§§☼# #.# ####.....#
#○○@# ### #........# #○☼§#
.........#####...#####
..........§§......§☼§.#####
..........§○......§○○..#..######
..........§○○.))..§§§..........#
.........#####...#####......##.#
#........# #.§.# #.........#
.........# #§§☼# #......#.##


There were no monsters in sight!

Vanquished Creatures
  Sigmund (D:2)
  A black bear (D:4)
  A necrophage (D:4)
  An iguana (D:4)
  An orc wizard (D:3)
  Robin (D:3)
  3 adders
  2 dart slugs (D:4)
  9 orcs
  8 endoplasms
  3 giant cockroaches
  11 goblins
  8 hobgoblins
  5 jackals
  3 quokkas
  8 ball pythons
  8 bats
  3 frilled lizards (D:1)
  4 kobolds
  7 rats
88 creatures vanquished.

Vanquished Creatures (others)
  A jelly (D:4)
1 creature vanquished.

Grand Total: 89 creatures vanquished

Notes
Turn   | Place    | Note
-------+----------+-------------------------------------------
     0 | D:1      | Heoruswealwe the Minotaur Fighter began the quest for the
                  | Orb.
     0 | D:1      | Reached XP level 1. HP: 19/19 MP: 0/0
    59 | D:1      | Reached XP level 2. HP: 27/27 MP: 1/1
   423 | D:1      | Reached skill level 4 in Armour
   557 | D:1      | Found a faded altar of an unknown god.
   566 | D:1      | Reached XP level 3. HP: 31/33 MP: 2/2
   575 | D:1      | Prayed at the altar of an unknown god.
   575 | D:1      | Became a worshipper of the Shining One
   575 | D:1      | Reached * piety under the Shining One
   807 | D:2      | Gained mutation: You possess an exceptional clarity of
                  | mind. [potion of mutation]
   807 | D:2      | Gained mutation: You are somewhat resistant to further
                  | mutation. [potion of mutation]
  1217 | D:2      | Noticed Sigmund
  1233 | D:2      | Killed Sigmund
  1234 | D:2      | Reached skill level 1 in Dodging
  1234 | D:2      | Reached XP level 4. HP: 7/41 MP: 1/3
  1234 | D:2      | Reached XP level 5. HP: 8/47 MP: 1/4
  2135 | D:3      | Found a shimmering altar of Xom.
  2140 | D:3      | Found a shimmering altar of Xom.
  2140 | D:3      | Found a snail-covered altar of Cheibriados.
  2142 | D:3      | Found a hazy altar of Hepliaklqana.
  2142 | D:3      | Found a glowing silver altar of Zin.
  2142 | D:3      | Found a stormy altar of Qazlal.
  2210 | D:3      | Found a blossoming altar of Fedhas.
  2210 | D:3      | Noticed Robin
  2215 | D:3      | Reached XP level 6. HP: 52/53 MP: 1/5
  2219 | D:3      | Reached ** piety under the Shining One
  2222 | D:3      | Killed Robin
  2292 | D:3      | Found a bloodstained altar of Trog.
  2616 | D:3      | Found a hide-covered altar of Uskayaw.
  2765 | D:4      | Found Xem Fuck's Magic Scroll Shop.
  3089 | D:4      | Reached skill level 5 in Armour
  3383 | D:4      | Reached XP level 7. HP: 50/60 MP: 2/6
  3476 | D:4      | Engulfed by a cloud of flame

Illustrated notes

Levels and vault maps discovered:
D:1:      dpeg_arrival_renting, layout_basic,
          dreamdust_ecumenical_altar_angels_and_demons
D:2:      layout_basic, uniq_sigmund
D:3:      layout_rooms, eat_drink_and_be_merry_uskayaw, old_standard_altar,
          doesnt_xom_only_xom, amcnicky_altar_gilded, uniq_robin
D:4:      layout_cave_pools, minmay_temple_entry_poolview, serial_shops, shop,
          lemuel_flame_loot_1

Skill      XL: |  1  2  3  4  5  6 |
---------------+-------------------+-----
Polearms       | 3 4 |  4.3
Armour         | 4 5 |  5.2
Fighting       | 4 |  4.7
Shields        | 4 |  4.5
Long Blades    | 3 4 |  4.7
Dodging        | 1 |  1.8
Stealth        | |  0.4

Action                   |  1- 3 |  4- 6 |  7- 9 || total
-------------------------+-------+-------+-------++-------
Melee: Trident           |    53 |       |       ||    53
       Headbutt          |     8 |    17 |       ||    25
       Scimitar          |    29 |    71 |       ||   100
Throw: Stone             |     2 |       |       ||     2
  Use: Scroll            |     5 |     1 |       ||     6
       Potion            |     2 |     6 |       ||     8
Armor: Scale mail        |     6 |       |       ||     6
       Ring mail         |    20 |    17 |       ||    37
       Chain mail        |       |    17 |       ||    17
Dodge: Dodged            |    36 |    31 |       ||    67
Block: Buckler           |    12 |    15 |       ||    27
